 Dungeon Sprint DCSS version bcrawl-1.20.1-3-gdcb1fc31ed (webtiles) character file.

Game seed: 15141484202537468671

46 Freyura the Gusty (level 3, -1/21 HPs)
             Began as a Fairy Air Elementalist on Feb 4, 2020.
             Slain by an orc wizard
             ... wielding a +0 dagger
              (5 damage)
             ... in the Dungeon (Sprint IX: "|||||||||||||||||||||||||||||").
             The game lasted 00:01:41 (114 turns).

Freyura the Gusty (Fairy Air Elementalist)           Turns: 114, Time: 00:01:42

Health: -1/21      AC:  4    Str:  6    XL:     3   Next: 66%
Magic:  9/11       EV: 17    Int: 19    God:
Gold:   0          SH:  0    Dex: 12    Spells: 11/12 levels left

rFire    . . .     SeeInvis .   a - +3 short sword (flame)
rCold    . . .     Gourm    .   (shield restricted)
rNeg     . . .     Faith    .   (armour unavailable)
rPois    .         Spirit   .   (no helmet)
rElec    .         Reflect  .   (no cloak)
rCorr    .         Harm     .   (no gloves)
MR       .....     NoTele   +   (no boots)
Stlth    ..........             (no amulet)
HPRegen  0.07/turn              (no ring)
MPRegen  0.12/turn              (no ring)

@: confused, flying evasively
A: small, magic attunement, unstealthy, unfitting armour, able to fly, AC/SH +4
a: Stop Flying


You were in the Dungeon.
You were not hungry.

You visited 1 branch

Inventory:

Hand Weapons
 a - a +3 short sword of flaming (weapon)
Scrolls
 i - a scroll of blinking
Potions
 b - a potion of flight
 c - a potion of heal wounds
 d - a potion of curing
 f - a potion of haste
 g - 2 potions of magic
 h - a potion of berserk rage
Comestibles
 e - a ration {!d}


   Skills:
 + Level 4.2 Dodging
 - Level 1.5 Stealth
 * Level 5.1 Spellcasting
 * Level 4.4 Conjurations
 * Level 5.7 Air Magic


You had 11 spell levels left.
You knew the following spells:

 Your Spells              Type           Power        Failure   Level  Hunger
a - Shock                 Conj/Air       ###..        1%          1    None

Your spell library contained the following spells:

 Spells                   Type           Power        Failure   Level  Hunger
 Static Discharge         Air            ####....     3%          3    None
 Swiftness                Chrm/Air       ###.....     6%          2    None
 Airstrike                Air            ####......   12%         4    None
 Lightning Bolt           Conj/Air       ###.......   38%         5    None


Dungeon Overview and Level Annotations

Branches:
Dungeon (1/1)

Altars:


Innate Abilities, Weirdness & Mutations

Your spells do not cause hunger and MP costs are reduced by 1.
Your bright wings attract enemies. (Stealth-)
You cannot fit into any form of body armour.
Your shimmering scales are hard and can block incoming attacks. (AC +4, SH +4)
You are small and have problems with some larger weapons.
You can fly continuously.


Message History

No previous command to re-do.
No previous command to re-do.
No previous command to re-do.
No previous command to re-do.
No previous command to re-do.
You're too confused to move!
Something barely misses you.
You're too confused to cast spells.
Okay, then.
You're too confused to cast spells.
Okay, then.
You bump into the unnaturally hard rock wall.
You hear some strange, mumbled words.
A puff of flame appears from out of thin air!
The puff of flame hits you!
* * * LOW HITPOINT WARNING * * *
You bump into the unnaturally hard rock wall.
Something barely misses you.
You bump into the unnaturally hard rock wall.
Something hits you.
You die...

▓+▓
▓.▓
▓.▓
▓.▓
▓)▓
▓5▓
▓†▓
▓@▓
▓.▓
▓†▓
▓)▓
▓†▓
▓'▓
▓.▓
▓.▓
▓.▓


You could see a crimson imp.

Vanquished Creatures
  A hound (D)
  A shadow imp (D)
  A dart slug (D)
  An orc (D)
  2 bats (D)
  2 kobolds (D)
8 creatures vanquished.

Notes
Turn   | Place    | Note
-------+----------+-------------------------------------------
     0 | D        | Freyura the Fairy Air Elementalist began the quest for the
                  | Orb.
     0 | D        | Reached XP level 1. HP: 11/11 MP: 6/6
   102 | D        | Noticed a crimson imp
   102 | D        | Noticed an orc wizard
   102 | D        | Noticed a hound
   106 | D        | Killed a hound
   106 | D        | Reached skill level 5 in Air Magic
   106 | D        | Reached XP level 2. HP: 17/17 MP: 7/9
   106 | D        | Reached XP level 3. HP: 21/21 MP: 8/11
   109 | D        | Reached skill level 5 in Spellcasting
   114 | D        | Slain by an orc wizard

Skill      XL: |  1  2  3 |
---------------+----------+-----
Dodging        | 4 |  4.2
Spellcasting   | 4 5 |  5.1
Air Magic      | 5 |  5.7
Conjurations   | 4 |  4.4
Stealth        | |  1.5

Action                   || total
-------------------------++-------
Melee: Short sword       ||     4
 Cast: Shock             ||     7
Dodge: Dodged            ||    11
Block: Other             ||     1
